 Dungeon Crawl Stone Soup version 0.26.1-10-gdfb7c7de75 (webtiles) character file.

Game seed: 18221043831598244017

621 raph the Firebug (level 7, -12/36 HPs)
             Began as a Deep Elf Fire Elementalist on Apr 2, 2021.
             Was a Follower of Sif Muna.
             Mangled by a gnoll
             ... wielding a +0 flail
              (16 damage)
             ... on level 6 of the Dungeon.
             The game lasted 00:16:16 (5975 turns).

raph the Firebug (Deep Elf Fire Elementalist)       Turns: 5975, Time: 00:16:16

Health: -12/36     AC:  3    Str:  5    XL:     7   Next: 22%
Magic:  14/14      EV: 13    Int: 22    God:    Sif Muna [*.....]
Gold:   219        SH:  0    Dex: 15    Spells: 0/13 levels left

rFire    . . .     SeeInvis .   a - +1 dagger (venom)
rCold    . . .     Faith    .   (no shield)
rNeg     . . .     Spirit   .   f - +1 robe
rPois    .         Reflect  .   (no helmet)
rElec    .         Harm     .   (no cloak)
rCorr    .         Rampage  .   (no gloves)
Will     .....                  (no boots)
Stlth    +++.......             (no amulet)
HPRegen  0.12/turn              n - ring of stealth
MPRegen  0.14/turn              (no ring)

@: hasted, very quick
A: no striking features
a: Renounce Religion, Channel Magic


You were on level 6 of the Dungeon.
You worshipped Sif Muna.
Sif Muna was aware of your devotion.
You visited 1 branch of the dungeon, and saw 6 of its levels.

You collected 219 gold pieces.

Inventory:

Hand Weapons
 a - a +1 dagger of venom (weapon)
 b - a +2 dagger of electrocution
 h - a +0 dagger
Armour
 f - a +1 robe (worn)
Jewellery
 n - a ring of stealth (left hand)
Wands
 d - a wand of acid (10)
 q - a wand of iceblast (11)
Scrolls
 c - 4 scrolls of remove curse
Potions
 e - 3 potions of lignification
 i - a potion of brilliance
 j - a potion of magic
 k - 2 potions of heal wounds
 m - 2 potions of mutation {unknown}
 o - 2 potions of curing
 p - a potion of might {unknown}


   Skills:
 - Level 3.0 Dodging
 - Level 3.3 Stealth
 - Level 3.6 Spellcasting
 * Level 5.5 Conjurations
 * Level 6.5 Fire Magic


You couldn't memorise any spells.
You knew the following spells:

 Your Spells              Type           Power        Failure   Level
a - Foxfire               Conj/Fire      100%         1%          1
b - Sticky Flame          Conj/Fire      30%          10%         4
c - Fireball              Conj/Fire      15%          26%         5
d - Conjure Flame         Conj/Fire      30%          3%          3

Your spell library contained the following spells:

 Spells                   Type           Power        Failure   Level
 Inner Flame              Hex/Fire       18%          9%          3


Dungeon Overview and Level Annotations

Branches:
Dungeon (6/15)
 Temple: D:4-7

Altars:
Cheibriados
Okawaru
Qazlal
Sif Muna
Vehumet
Wu Jian
Zin

Shops:
D:6 (

Annotations:
D:2 Sigmund


Message History

A gnoll comes into view. It is wielding a +0 club.
Found 6 gold pieces and a dagger.
A hound, a bullfrog, a worker ant and 2 gnolls come into view.
The gnoll hits you but does no damage.
The gnoll shouts!
The bullfrog hits you. x2
The bullfrog misses you. The gnoll closely misses you.
The bullfrog barely misses you. The bullfrog closely misses you.
The bullfrog completely misses you. The bullfrog hits you!
The bullfrog hits you!
* * * LOW HITPOINT WARNING * * *
Okay, then.
You feel yourself speed up. The bullfrog closely misses you.
The gnoll hits you from afar with a +0 spear.
* * * LOW HITPOINT WARNING * * *
The gnoll hits you with a +0 flail!
You die...

#⌠.⌠....# ####.######..(.
#.∩.#...########.# #....
#⌠.⌠##..##.....#.# #....
#.....#..........# #....
#.....#..........### #....
#.....................#....
#.....##.........# #......
#...(.##.........# ##.##..
######.#..@......# #.....
#..#.Fg.....# ####..
##..gg......# #..
#........... ....
##.......... ......
#............#......
#..............#.##.
##............... ..
##............


You could see a bullfrog and 3 gnolls.

Vanquished Creatures
  An ogre (D:5)
  A big kobold (D:4)
  A howler monkey (D:4)
  A centaur zombie (D:6)
  An orc priest (D:4)
  4 orc wizards (D:4)
  An iguana (D:5)
  A worker ant (D:3)
  A hound zombie (D:5)
  A worker ant zombie (D:5)
  4 adders
  A gnoll (D:6)
  An ooze (D:6)
  An adder skeleton (D:4)
  3 worms
  3 dart slugs
  2 leopard geckos (D:3)
  18 orcs
  2 giant cockroaches
  7 hobgoblins
  9 jackals
  2 quokkas
  9 bats
  3 frilled lizards
  7 goblins
  12 kobolds
  6 rats
103 creatures vanquished.

Vanquished Creatures (collateral kills)
  2 foxfires
2 creatures vanquished.

Vanquished Creatures (others)
  304 foxfires
  13 plants (D:3)
317 creatures vanquished.

Grand Total: 422 creatures vanquished

Notes
Turn   | Place    | Note
-------+----------+-------------------------------------------
     0 | D:1      | raph the Deep Elf Fire Elementalist began the quest for the
                  | Orb.
     0 | D:1      | Reached XP level 1. HP: 10/10 MP: 6/6
   610 | D:1      | Reached XP level 2. HP: 15/15 MP: 4/8
  1345 | D:2      | Noticed Sigmund
  1428 | D:2      | Reached XP level 3. HP: 19/19 MP: 5/9
  2139 | D:3      | Reached skill level 4 in Fire Magic
  2358 | D:3      | Reached XP level 4. HP: 24/24 MP: 4/11
  2458 | D:3      | Learned a level 4 spell: Sticky Flame
  3305 | D:4      | Reached XP level 5. HP: 15/28 MP: 12/12
  3465 | D:4      | Reached skill level 5 in Fire Magic
  3664 | D:4      | Found an ornate altar of the Wu Jian Council.
  3696 | D:4      | Found a shimmering blue altar of Sif Muna.
  3947 | D:4      | Became a worshipper of Sif Muna the Loreminder
  3954 | D:4      | Learned a level 5 spell: Fireball
  4014 | D:4      | Reached XP level 6. HP: 32/32 MP: 10/13
  4890 | D:5      | Entered Level 5 of the Dungeon
  4959 | D:5      | Reached skill level 5 in Conjurations
  4959 | D:5      | Reached skill level 6 in Fire Magic
  5003 | D:4      | Reached * piety under Sif Muna
  5004 | D:4      | Reached XP level 7. HP: 17/36 MP: 0/14
  5182 | D:5      | Found a stormy altar of Qazlal.
  5182 | D:5      | Found a glowing silver altar of Zin.
  5182 | D:5      | Found a snail-covered altar of Cheibriados.
  5495 | D:5      | Found a radiant altar of Vehumet.
  5585 | D:5      | Found an iron altar of Okawaru.
  5824 | D:6      | Found Goackob's Antique Weapon Boutique.
  5920 | D:6      | Learned a level 3 spell: Conjure Flame
  5975 | D:6      | Mangled by a gnoll

Illustrated notes

Levels and vault maps discovered:
D:1:      erik_arrival_triangle_huge, layout_basic, serial_bayou_pond_c,
          minmay_domino_4
D:2:      layout_rooms, xom_teletrap_fun, serial_rivers,
          chequers_serial_rivers_micro_e, chequers_serial_rivers_small_3,
          chequers_serial_rivers_large_a, chequers_serial_rivers_micro_c,
          chequers_serial_rivers_room_b, chequers_serial_rivers_micro_e,
          chequers_ecumenical_altar_simple_redux, uniq_sigmund
D:3:      layout_loops_ring, serial_bayou_lagoon_b
D:4:      layout_loops_ring, led_sif_pool, nzn_wu_jian_council_hall
D:5:      layout_rooms, overflow_temple_1_default, lemuel_doored_altar,
          chequers_temple_overflow_statue_of_worship, moated_statue
D:6:      layout_rooms, lemuel_crystal_altar, lemuel_zombie_altar_kikubaaqudgha,
          serial_shops, shop_fountains, grunt_ministairs_14

Skill      XL: |  1  2  3  4  5  6 |
---------------+-------------------+-----
Stealth        | 3 |  3.3
Conjurations   | 2 3 4 5 |  5.5
Fire Magic     | 4 5 6 |  6.5
Dodging        | 3 |  3.0
Spellcasting   | |  3.6

Action                   |  1- 3 |  4- 6 |  7- 9 || total
-------------------------+-------+-------+-------++-------
Melee: Unarmed           |     2 |       |       ||     2
       Dagger            |     6 |    33 |     4 ||    43
 Cast: Foxfire           |    89 |    96 |    18 ||   203
       Sticky Flame      |       |     3 |     3 ||     6
  Use: Scroll            |       |     8 |     6 ||    14
       Potion            |       |       |     1 ||     1
 Stab: Sleeping          |     2 |     2 |       ||     4
Armor: Robe              |    10 |     7 |       ||    17
Dodge: Dodged            |    20 |    28 |    13 ||    61
